Map: Vallée des cactus EC

Players

아프리카

  • Race: Terran Terran

AgCl - Winner!

  • Race: Protoss Protoss

VOD

Have the link to the VOD?

Description

Time

  • Played on: May 12, 2015, 9:09 p.m.
  • Length: 2:48
Show
View Real Time Build Order
Export as new Build Order

아프리카 Terran 

Build Orders:  

Get SALT Encoding   

  12  0:01  SCV  
  13  0:13  SCV  
  14  0:18  Supply Depot  
  14  0:26  SCV  
  15  0:40  SCV  
  15  0:41  Barracks  
  16  0:52  SCV  
  17  1:04  SCV  
  18  1:17  SCV, Refinery  
  19  1:29  Supply Depot  
  19  1:31  SCV  
  19  1:32  Marine  
  21  1:50  Marine  
  22  2:04  Command Center, Orbital Command  
  22  2:08  Marine  
  23  2:09  Barracks  
  23  2:24  Factory  
  23  2:27  Supply Depot  
Show
View Real Time Build Order
Export as new Build Order

AgCl Protoss - Winner!

Build Orders:  

Get SALT Encoding   

  12  0:12  Pylon  
  12  0:18  Probe  
  13  0:24  Assimilator  
  13  0:34  Gateway  
  13  0:39  Probe (Chrono Boost)  
  15  0:51  Probe (Chrono Boost)  
  15  0:57  Probe (Chrono Boost)  
  16  1:08  Probe  
  17  1:20  Probe  
  17  1:24  Zealot (Chrono Boost)  
  20  1:30  Cybernetics Core  
  20  1:32  Pylon  
  20  1:33  Probe  
  21  1:45  Probe  
  22  1:52  Assimilator  
  22  2:00  Probe (Chrono Boost)  
  22  2:08  Stargate  
  22  2:10  Probe (Chrono Boost)  
  23  2:17  Probe (Chrono Boost)  
  24  2:28  Probe (Chrono Boost)  
  25  2:35  Probe (Chrono Boost)  
Tags
 
Add a new tag
Caveats
  • Supply blocks, unpowered buildings, or Contaminate may cause inaccurate times.
  • Supply counts are checked every 10 seconds.